| TOP OF THE 1ST |
|
Trois-Riveres Aigles batting - Pitching for Columbus Reds : RHP Chris Santos
|
|
Pitching: RHP Chris Santos
|
|
|
Batting: SHB Josif Popovski
|
0-0: Ball 1-0: Ball 2-0: Ball 3-0: Called Strike 3-1: Reached on error, E3 (Groundball, 34, EV 85.6 MPH)
|
|
Batting: RHB Micah Logan
|
0-0: Ball 1-0: Foul Ball, location: 2F 1-1: Grounds into double play, 4-6-3 (Groundball, 4, EV 83.1 MPH)
|
|
Batting: RHB Alistair Holmes
|
0-0: Fly out, F8 (Flyball, 8RD, EV 89.4 MPH)
|
| Top of the 1st over - 0 runs, 0 hits, 1 error, 0 left on base; Trois-Riveres 0 - Columbus 0 |
| BOTTOM OF THE 1ST |
|
Columbus Reds batting - Pitching for Trois-Riveres Aigles : RHP Benedict Cucumberpatch
|
|
Pitching: RHP Benedict Cucumberpatch
|
|
|
Batting: SHB Bill Dissette
|
0-0: Called Strike 0-1: SINGLE (Line Drive, 56D, EV 102.5 MPH)
|
|
Batting: RHB Tony Camacho
|
0-0: Called Strike 0-1: Swinging Strike 0-2: Grounds into double play, 4-6-3 (Groundball, 34D, EV 101.2 MPH)
|
|
Batting: RHB Aaron Barraza
|
0-0: Foul Ball, location: 2F 0-1: Foul Ball, location: 2F 0-2: Foul Ball, location: 2F 0-2: Strikes out looking
|
| Bottom of the 1st over - 0 runs, 1 hit, 0 errors, 0 left on base; Trois-Riveres 0 - Columbus 0 |
| TOP OF THE 2ND |
|
Trois-Riveres Aigles batting - Pitching for Columbus Reds : RHP Chris Santos
|
|
Batting: RHB John Garland
|
0-0: Called Strike 0-1: Called Strike 0-2: Ball 1-2: Fly out, F8 (Flyball, 78M, EV 90.0 MPH)
|
|
Batting: RHB George Connell
|
0-0: Called Strike 0-1: Foul Ball, location: 2F 0-2: Strikes out looking
|
|
Batting: RHB Danny Mota
|
0-0: Ball 1-0: Foul Ball, location: 2F 1-1: Ball 2-1: Called Strike 2-2: Strikes out swinging
|
| Top of the 2nd over - 0 runs, 0 hits, 0 errors, 0 left on base; Trois-Riveres 0 - Columbus 0 |
| BOTTOM OF THE 2ND |
|
Columbus Reds batting - Pitching for Trois-Riveres Aigles : RHP Benedict Cucumberpatch
|
|
Batting: SHB Eddie Crawford
|
0-0: Ball 1-0: Foul Ball, location: 2F 1-1: Ball 2-1: Fly out, F7 (Flyball, 7D, EV 86.2 MPH)
|
|
Batting: RHB Matt Carman
|
0-0: Ball 1-0: Ball 2-0: Fly out, F8 (Flyball, 8LM, EV 78.1 MPH)
|
|
Batting: LHB Mat Bencivengo
|
0-0: Swinging Strike 0-1: Ball 1-1: Fly out, F8 (Flyball, 8LM, EV 90.0 MPH)
|
| Bottom of the 2nd over - 0 runs, 0 hits, 0 errors, 0 left on base; Trois-Riveres 0 - Columbus 0 |
| TOP OF THE 3RD |
|
Trois-Riveres Aigles batting - Pitching for Columbus Reds : RHP Chris Santos
|
|
Batting: RHB Chris Davis
|
0-0: Ball 1-0: Called Strike 1-1: Called Strike 1-2: Foul Ball, location: 2F 1-2: Strikes out swinging
|
|
Batting: LHB Edgar Quinto
|
0-0: Called Strike 0-1: Called Strike 0-2: Hit by Pitch
|
|
Batting: RHB Cory Nuss
|
0-0: Ball 1-0: Ball 2-0: Foul Ball, location: 2F 2-1: Swinging Strike 2-2: SINGLE (Line Drive, 56D, EV 95.0 MPH) Edgar Quinto to second
|
|
Batting: SHB Josif Popovski
|
0-0: Called Strike 0-1: Foul Ball, location: 2F 0-2: Strikes out swinging
|
|
Batting: RHB Micah Logan
|
0-0: Fly out, F9 (Line Drive, 9LM, EV 112.5 MPH)
|
| Top of the 3rd over - 0 runs, 1 hit, 0 errors, 2 left on base; Trois-Riveres 0 - Columbus 0 |
| BOTTOM OF THE 3RD |
|
Columbus Reds batting - Pitching for Trois-Riveres Aigles : RHP Benedict Cucumberpatch
|
|
Batting: RHB Cornholdo Schwerin
|
0-0: Ball 1-0: Fly out, F5 (Popup, 56S, EV 64.4 MPH)
|
|
Batting: RHB Alex Ruybalid
|
0-0: Ball 1-0: Foul Ball, location: 2F 1-1: Called Strike 1-2: Ball 2-2: Ball 3-2: Base on Balls
|
|
Batting: RHB Jorge Velez
|
0-0: Called Strike 0-1: Fly out, F9 (Line Drive, 89S, EV 92.5 MPH)
|
|
Batting: SHB Bill Dissette
|
0-0: Ball 1-0: Fly out, F9 (Flyball, 9, EV 91.9 MPH)
|
| Bottom of the 3rd over - 0 runs, 0 hits, 0 errors, 1 left on base; Trois-Riveres 0 - Columbus 0 |
| TOP OF THE 4TH |
|
Trois-Riveres Aigles batting - Pitching for Columbus Reds : RHP Chris Santos
|
|
Batting: RHB Alistair Holmes
|
0-0: Foul Ball, location: 2F 0-1: Ball 1-1: Foul Ball, location: 2F 1-2: Ball 2-2: Ball 3-2: Strikes out swinging
|
|
Batting: RHB John Garland
|
0-0: Ball 1-0: Ball 2-0: Ground out 6-3 (Groundball, P, EV 78.8 MPH)
|
|
Batting: RHB George Connell
|
0-0: Called Strike 0-1: Ball 1-1: Swinging Strike 1-2: Ball 2-2: Ground out 4-3 (Groundball, 4, EV 106.2 MPH)
|
| Top of the 4th over - 0 runs, 0 hits, 0 errors, 0 left on base; Trois-Riveres 0 - Columbus 0 |
| BOTTOM OF THE 4TH |
|
Columbus Reds batting - Pitching for Trois-Riveres Aigles : RHP Benedict Cucumberpatch
|
|
Batting: RHB Tony Camacho
|
0-0: Ball 1-0: Called Strike 1-1: Called Strike 1-2: Fly out, F6 (Line Drive, 6, EV 69.4 MPH)
|
|
Batting: RHB Aaron Barraza
|
0-0: Foul Ball, location: 2F 0-1: Called Strike 0-2: Hit by Pitch
|
|
Batting: SHB Eddie Crawford
|
0-0: Foul Ball, location: 2F 0-1: Ball 1-1: Ball Aaron Barraza is caught stealing 2nd base 2-6 2-1: Foul Ball, location: 2F 2-2: SINGLE (Line Drive, 6D, EV 98.1 MPH)
|
|
Batting: RHB Matt Carman
|
0-0: Ball 1-0: Ball 2-0: Swinging Strike 2-1: Foul Ball, location: 2F 2-2: Foul Ball, location: 2F 2-2: Strikes out swinging
|
| Bottom of the 4th over - 0 runs, 1 hit, 0 errors, 1 left on base; Trois-Riveres 0 - Columbus 0 |
| TOP OF THE 5TH |
|
Trois-Riveres Aigles batting - Pitching for Columbus Reds : RHP Chris Santos
|
|
Batting: RHB Danny Mota
|
0-0: Ball 1-0: Ball 2-0: Called Strike 2-1: Ball 3-1: Base on Balls
|
|
Batting: RHB Chris Davis
|
0-0: Grounds into double play, 4-6-3 (Groundball, 34, EV 98.8 MPH)
|
|
Batting: LHB Edgar Quinto
|
0-0: Ball 1-0: Called Strike 1-1: SINGLE (Groundball, 6D, EV 98.8 MPH)
|
|
Batting: RHB Cory Nuss
|
0-0: Ball 1-0: Ball Edgar Quinto steals 2nd base 2-0: Foul Ball, location: 2F 2-1: Swinging Strike 2-2: Ball 3-2: Strikes out looking
|
| Top of the 5th over - 0 runs, 1 hit, 0 errors, 1 left on base; Trois-Riveres 0 - Columbus 0 |
| BOTTOM OF THE 5TH |
|
Columbus Reds batting - Pitching for Trois-Riveres Aigles : RHP Benedict Cucumberpatch
|
|
Batting: LHB Mat Bencivengo
|
0-0: Foul Ball, location: 2F 0-1: Ball 1-1: Foul Ball, location: 2F 1-2: Strikes out swinging
|
|
Batting: RHB Cornholdo Schwerin
|
0-0: Ball 1-0: Ground out 6-3 (Groundball, 56, EV 81.9 MPH)
|
|
Batting: RHB Alex Ruybalid
|
0-0: Called Strike 0-1: Ball 1-1: Called Strike 1-2: Fly out, F7 (Flyball, 7S, EV 81.2 MPH)
|
| Bottom of the 5th over - 0 runs, 0 hits, 0 errors, 0 left on base; Trois-Riveres 0 - Columbus 0 |
| TOP OF THE 6TH |
|
Trois-Riveres Aigles batting - Pitching for Columbus Reds : RHP Chris Santos
|
|
Batting: SHB Josif Popovski
|
0-0: Bunt for hit to 25 - play at first, batter OUT! 5-3
|
|
Batting: RHB Micah Logan
|
0-0: Foul Ball, location: 2F 0-1: Swinging Strike 0-2: Ball 1-2: Foul Ball, location: 2F 1-2: Foul Ball, location: 2F 1-2: Ball 2-2: DOUBLE (Flyball, 89D, EV 98.8 MPH)
|
|
Batting: RHB Alistair Holmes
|
0-0: Ball 1-0: Called Strike 1-1: Swinging Strike 1-2: SINGLE (Line Drive, 7LS, EV 90.6 MPH) Micah Logan to third Runner from 3rd tries for Home, SAFE, throw by LF to home
|
|
Batting: RHB John Garland
|
0-0: Ball 1-0: Swinging Strike 1-1: Swinging Strike 1-2: Foul Ball, location: 2F 1-2: Ball 2-2: Foul Ball, location: 2F 2-2: Strikes out swinging Alistair Holmes steals 2nd base Batter strikes out.
|
|
Batting: RHB George Connell
|
0-0: Ball 1-0: Called Strike 1-1: Foul Ball, location: 2F 1-2: SINGLE (Groundball, 56D, EV 100.6 MPH) Alistair Holmes to third Runner from 3rd tries for Home, SAFE, throw by LF to home
|
|
Batting: RHB Danny Mota
|
0-0: SINGLE (Line Drive, 9LM, EV 91.2 MPH) George Connell to second Runner from 2nd tries for 3rd, OUT! 9-5
|
| Top of the 6th over - 2 runs, 4 hits, 0 errors, 1 left on base; Trois-Riveres 2 - Columbus 0 |
| BOTTOM OF THE 6TH |
|
Columbus Reds batting - Pitching for Trois-Riveres Aigles : RHP Benedict Cucumberpatch
|
|
Batting: RHB Jorge Velez
|
0-0: Foul Ball, location: 2F 0-1: Swinging Strike 0-2: Ball 1-2: Foul Ball, location: 2F 1-2: Ball 2-2: Ball 3-2: Fly out, F8 (Line Drive, 8RD, EV 96.2 MPH)
|
|
Batting: SHB Bill Dissette
|
0-0: Called Strike 0-1: Ball 1-1: Foul Ball, location: 2F 1-2: Fly out, F7 (Flyball, 78M, EV 86.2 MPH)
|
|
Batting: RHB Tony Camacho
|
0-0: Ball 1-0: Single, Error in OF, E8, batter to second base (Groundball, 4MD, EV 94.4 MPH)
|
|
Batting: RHB Aaron Barraza
|
0-0: Ball 1-0: Ball 2-0: Called Strike 2-1: Ground out 5-3 (Groundball, 56S, EV 81.9 MPH)
|
| Bottom of the 6th over - 0 runs, 1 hit, 1 error, 1 left on base; Trois-Riveres 2 - Columbus 0 |
| TOP OF THE 7TH |
|
Trois-Riveres Aigles batting - Pitching for Columbus Reds : RHP Chris Santos
|
|
Batting: RHB Chris Davis
|
0-0: Ground out 6-3 (Groundball, 6, EV 87.5 MPH)
|
|
Batting: LHB Edgar Quinto
|
0-0: Ball 1-0: Ball 2-0: Called Strike 2-1: Ground out U3 (Groundball, 3, EV 86.9 MPH)
|
|
Batting: RHB Cory Nuss
|
0-0: Swinging Strike 0-1: Ground out 6-3 (Groundball, 6MS, EV 88.1 MPH)
|
| Top of the 7th over - 0 runs, 0 hits, 0 errors, 0 left on base; Trois-Riveres 2 - Columbus 0 |
| BOTTOM OF THE 7TH |
|
Columbus Reds batting - Pitching for Trois-Riveres Aigles : RHP Benedict Cucumberpatch
|
|
Pitching: RHP Pete Vernon
|
|
|
Batting: SHB Eddie Crawford
|
0-0: Called Strike 0-1: Ball 1-1: Foul Ball, location: 2F 1-2: Foul Ball, location: 2F 1-2: Ball 2-2: Foul Ball, location: 2F 2-2: Ball 3-2: Reached via error on a dropped throw from C, E3 (Groundball, 15S, EV 77.5 MPH)
|
|
Batting: LHB Gabe Morales
|
0-0: Foul Ball, location: 2F 0-1: Foul Ball, location: 2F 0-2: Strikes out swinging
|
|
Batting: LHB Mat Bencivengo
|
0-0: Swinging Strike 0-1: Ball 1-1: Swinging Strike 1-2: Strikes out swinging
|
|
Pinch Hitting: RHB Nick Partain
|
0-0: Called Strike 0-1: Foul Ball, location: 2F 0-2: Ball 1-2: Foul Ball, location: 2F 1-2: Fly out, F8 (Line Drive, 8LM, EV 93.1 MPH)
|
| Bottom of the 7th over - 0 runs, 0 hits, 1 error, 1 left on base; Trois-Riveres 2 - Columbus 0 |
| TOP OF THE 8TH |
|
Trois-Riveres Aigles batting - Pitching for Columbus Reds : RHP Chris Santos
|
|
Now in CF: Alex Ruybalid
|
|
|
Now in RF: Nick Partain
|
|
|
Batting: SHB Josif Popovski
|
0-0: Foul Ball, location: 2F 0-1: Called Strike 0-2: Ball 1-2: Ground out 6-3 (Groundball, 6S, EV 84.4 MPH)
|
|
Batting: RHB Micah Logan
|
0-0: Called Strike 0-1: Ball 1-1: Ball 2-1: Foul Ball, location: 2F 2-2: Strikes out swinging
|
|
Batting: RHB Alistair Holmes
|
0-0: Ball 1-0: Fly out, F7 (Flyball, 7LM, EV 82.5 MPH)
|
| Top of the 8th over - 0 runs, 0 hits, 0 errors, 0 left on base; Trois-Riveres 2 - Columbus 0 |
| BOTTOM OF THE 8TH |
|
Columbus Reds batting - Pitching for Trois-Riveres Aigles : RHP Pete Vernon
|
|
Batting: RHB Alex Ruybalid
|
0-0: Called Strike 0-1: Ball 1-1: Foul Ball, location: 2F 1-2: Strikes out swinging
|
|
Batting: RHB Jorge Velez
|
0-0: Called Strike 0-1: Called Strike 0-2: Ball 1-2: Fly out, F7 (Flyball, 78S, EV 78.1 MPH)
|
|
Batting: SHB Bill Dissette
|
0-0: Ball 1-0: Fly out, F6 (Popup, 15S, EV 81.2 MPH)
|
| Bottom of the 8th over - 0 runs, 0 hits, 0 errors, 0 left on base; Trois-Riveres 2 - Columbus 0 |
| TOP OF THE 9TH |
|
Trois-Riveres Aigles batting - Pitching for Columbus Reds : RHP Chris Santos
|
|
Pinch Hitting: RHB Christopher Arnett
|
0-0: Ball 1-0: Foul Ball, location: 2F 1-1: Swinging Strike 1-2: Foul Ball, location: 2F 1-2: Strikes out swinging
|
|
Batting: RHB George Connell
|
0-0: Ball 1-0: Ball 2-0: Ball 3-0: Base on Balls
|
|
Batting: RHB Danny Mota
|
0-0: Ball 1-0: Ball 2-0: Ball 3-0: Called Strike 3-1: Fly out, F9 (Flyball, 9S, EV 93.8 MPH)
|
|
Batting: RHB Chris Davis
|
0-0: Ball 1-0: Ball George Connell steals 2nd base 2-0: SINGLE (Flyball, 78S, EV 91.9 MPH) George Connell to third Runner from 3rd tries for Home, SAFE, throw by LF to home
|
|
Batting: LHB Edgar Quinto
|
0-0: Ball 1-0: SINGLE (Line Drive, 6MD, EV 96.9 MPH) Chris Davis to second
|
|
Pitching: LHP Joe McLaughlin
|
|
|
Batting: SHB Derek Weaver
|
0-0: Swinging Strike 0-1: Called Strike 0-2: Strikes out swinging
|
| Top of the 9th over - 1 run, 2 hits, 0 errors, 2 left on base; Trois-Riveres 3 - Columbus 0 |
| BOTTOM OF THE 9TH |
|
Columbus Reds batting - Pitching for Trois-Riveres Aigles : RHP Pete Vernon
|
|
Pitching: RHP Steve Rennecker
|
|
|
Now at 3B: Paul Dupuis
|
|
|
Batting: RHB Tony Camacho
|
0-0: Ball 1-0: Called Strike 1-1: Ball 2-1: Called Strike 2-2: Strikes out swinging
|
|
Batting: RHB Aaron Barraza
|
0-0: Foul Ball, location: 2F 0-1: Ball 1-1: Ball 2-1: Fly out, F5 (Line Drive, 5L, EV 73.1 MPH)
|
|
Batting: SHB Eddie Crawford
|
0-0: Ball 1-0: Ball 2-0: Ball 3-0: Called Strike 3-1: Foul Ball, location: 2F 3-2: Ground out 6-3 (Groundball, 6S, EV 81.9 MPH)
|
| Bottom of the 9th over - 0 runs, 0 hits, 0 errors, 0 left on base; Trois-Riveres 3 - Columbus 0 |
|